 Dungeon Crawl Stone Soup version 0.23.0-3-gf3c87f2 (webtiles) character file.

Game seed: 7697351113445992163

2417 Jatast the Grappler (level 9, -6/81 HPs)
             Began as a Ghoul Monk on Feb 21, 2019.
             Was a Priest of Okawaru.
             Mangled by a wyvern (12 damage)
             ... on level 8 of the Dungeon.
             The game lasted 00:12:19 (6727 turns).

Jatast the Grappler (Ghoul Monk)                    Turns: 6727, Time: 00:12:20

Health: -6/81      AC:  9    Str: 18    XL:     9   Next: 47%
Magic:  11/11      EV:  7    Int:  5    God:    Okawaru [***...]
Gold:   293        SH:  0    Dex: 11    Spells: 8/8 levels left

rFire    . . .     SeeInvis +     - Unarmed
rCold    + . .     Gourm    .   (no shield)
rNeg     + + +     Faith    .   r - +0 chain mail (curse)
rPois    ∞         Spirit   .   q - +0 helmet
rElec    .         Reflect  .   j - scarf {repulsion}
rCorr    .         Harm     .   (no gloves)
MR       .....                  (no boots)
Stlth    ..........             t - amulet of the acrobat
HPRegen  0.00/turn              v - ring of flight
MPRegen  0.12/turn              p - ring of see invisible

@: rotting, repel missiles
A: rotting body, claws 1, carnivore, cold resistance 1, negative energy
resistance 3, inhibited regeneration, torment resistance, unbreathing
a: Heroism, Renounce Religion, Evoke Flight


You were on level 8 of the Dungeon.
You worshipped Okawaru.
Okawaru was most pleased with you.
You were not hungry.

You visited 1 branch of the dungeon, and saw 8 of its levels.
You also visited: Sewer.

You collected 393 gold pieces.
You spent 100 gold pieces at shops.

Inventory:

Armour
 j - a scarf of repulsion (worn)
 q - a +0 helmet (worn)
 r - a cursed +0 chain mail (worn)
Jewellery
 p - a ring of see invisible (right claw)
 t - an amulet of the acrobat (around neck)
 v - a ring of flight (left claw)
Wands
 A - a wand of enslavement (4)
Scrolls
 c - 3 scrolls of blinking
 d - 3 scrolls of remove curse
 e - 7 scrolls of teleportation
 g - 2 scrolls of enchant weapon
 k - 2 scrolls of fog
 m - 2 scrolls of enchant armour
 s - a scroll of identify
Potions
 a - 2 potions of might {unknown}
 f - a potion of curing
 h - 2 potions of agility
 i - 3 potions of brilliance {unknown}
 l - 2 potions of resistance
 n - 3 potions of flight
 o - 4 potions of ambrosia
 u - a potion of haste {unknown}
 w - 3 potions of heal wounds
Comestibles
 b - 17 rations


   Skills:
 + Level 8.0 Fighting
 - Level 2.6 Dodging
 - Level 2.1 Stealth
 * Level 10.7 Unarmed Combat
 - Level 5.0 Invocations


You had 8 spell levels left.
You didn't know any spells.
Your spell library was empty.

Dungeon Overview and Level Annotations

Branches:
Dungeon (8/15)             Temple (0/1) D:7
   Lair: D:8-11

Altars:
Kikubaaqudgha
Nemelex Xobeh
Okawaru
Qazlal
Ru
Trog
Uskayaw
Vehumet
Zin

Shops:
D:5 (!   D:7 *


Innate Abilities, Weirdness & Mutations

Your body is rotting away.
You thrive on raw meat.
You are immune to poison.
You have sharp fingernails.
You are carnivorous and can eat meat at any time.
Your flesh is cold resistant. (rC+)
You are immune to negative energy. (rN+++)
You do not regenerate when monsters are visible.
You are immune to unholy pain and torment.
You can survive without breathing.


Message History

The wyvern bites you but does no damage.
Eat a chunk of flesh? (ye/n/q)
You eat the chunk of flesh.
This raw flesh tastes great!
The wyvern bites you!
You scratch the wyvern. You claw the wyvern, but do no damage.
The wyvern is severely wounded.
The wyvern bites you!
* * * LOW HITPOINT WARNING * * *
You claw the wyvern!
The wyvern is almost dead.
The wyvern bites you but does no damage.
The wyvern bites you!
* * * LOW HITPOINT WARNING * * *
Okay, then.
You completely miss the wyvern.
The wyvern is almost dead.
The wyvern bites you but does no damage.
You barely miss the wyvern.
The wyvern is almost dead.
The wyvern bites you!
You die...

## .## #. ....##. ###
#....## ..# .#...### #.#
.####...# #.###.# ###(# #
#####)##..#### #@#####$#
.............# #.l#...(##
#...).÷#####.####........
#.............Y......%.##
#......####....##.....?.#
#......#....######.......
#........#### .......
#...<....##### ..<....
#####..#.....# #......


You could see a wyvern.

Vanquished Creatures
  Grinder (D:6)
  A hippogriff (D:7)
  Sigmund (D:6)
  2 phantoms
  A sky beast (D:8)
  2 ogres
  3 bullfrogs
  A wyvern skeleton (D:5)
  3 scorpions
  A vampire bat (D:3)
  2 howler monkeys (D:8)
  A bullfrog zombie (D:7)
  A crimson imp (D:6)
  A jelly (D:6)
  2 hounds (D:7)
  4 orc priests
  A bullfrog skeleton (D:8)
  7 orc wizards
  Natasha (D:3)
  2 iguanas
  6 worker ants
  8 adders
  4 oozes (Sewer)
  5 worms
  A dart slug (D:3)
  10 leopard geckos
  20 orcs
  12 giant cockroaches
  2 goblins
  5 hobgoblins
  10 jackals
  4 quokkas
  4 ball pythons
  19 bats
  2 frilled lizards
  A jackal skeleton (D:8)
  5 kobolds
  7 rats
163 creatures vanquished.

Vanquished Creatures (collateral kills)
  A jelly (D:8)
  2 orcs (D:8)
3 creatures vanquished.

Grand Total: 166 creatures vanquished

Notes
Turn   | Place    | Note
-------+----------+-------------------------------------------
     0 | D:1      | Jatast the Ghoul Monk began the quest for the Orb.
     0 | D:1      | Reached XP level 1. HP: 19/19 MP: 0/0
   329 | D:1      | Reached XP level 2. HP: 17/26 MP: 1/1
   914 | D:2      | Reached skill level 4 in Unarmed Combat
  1089 | D:2      | Reached XP level 3. HP: 20/33 MP: 2/2
  1860 | D:3      | Reached XP level 4. HP: 34/40 MP: 3/3
  1890 | D:3      | Reached skill level 5 in Unarmed Combat
  1997 | D:3      | Reached XP level 5. HP: 42/47 MP: 4/4
  2511 | D:4      | Noticed Natasha
  2519 | D:3      | Killed Natasha
  2519 | D:3      | Reached skill level 6 in Unarmed Combat
  2599 | D:4      | Reached XP level 6. HP: 52/55 MP: 5/5
  2668 | D:4      | Reached skill level 5 in Fighting
  2898 | D:4      | Reached skill level 7 in Unarmed Combat
  2978 | D:4      | Reached XP level 7. HP: 61/61 MP: 6/6
  3055 | D:4      | Found a hide-covered altar of Uskayaw.
  3157 | D:4      | Found a stormy altar of Qazlal.
  3492 | D:5      | Entered Level 5 of the Dungeon
  3496 | D:5      | Found an iron altar of Okawaru.
  3503 | D:5      | Became a worshipper of Warmaster Okawaru
  3503 | D:5      | Reached * piety under Okawaru
  3503 | D:5      | Reached ** piety under Okawaru
  3599 | D:5      | Found a radiant altar of Vehumet.
  3699 | D:5      | Reached skill level 8 in Unarmed Combat
  3699 | D:5      | Reached skill level 1 in Invocations
  3848 | D:5      | Reached XP level 8. HP: 59/69 MP: 6/8
  3897 | D:5      | Found a glowing drain.
  3937 | Sewer    | Entered a sewer
  4528 | D:5      | Found a sacrificial altar of Ru.
  4684 | D:5      | Found Uvoug's Antique Weapon Emporium.
  4768 | D:5      | Found Wentush's Distillery.
  4776 | D:5      | Bought a potion of heal wounds for 50 gold pieces
  4776 | D:5      | Bought a potion of heal wounds for 50 gold pieces
  5281 | D:6      | Noticed Grinder
  5292 | D:6      | Killed Grinder
  5292 | D:6      | Reached skill level 9 in Unarmed Combat
  5323 | D:6      | Noticed Sigmund
  5414 | D:6      | Killed Sigmund
  5701 | D:6      | Reached *** piety under Okawaru
  6172 | D:7      | Reached XP level 9. HP: 58/79 MP: 10/10
  6185 | D:7      | Found a staircase to the Ecumenical Temple.
  6202 | D:7      | Found a sparkling altar of Nemelex Xobeh.
  6317 | D:7      | Found Zin's Purification Station.
  6319 | D:7      | Found a glowing silver altar of Zin.
  6354 | D:7      | Reached skill level 10 in Unarmed Combat
  6413 | D:7      | Found a bloodstained altar of Trog.
  6414 | D:7      | Found an ancient bone altar of Kikubaaqudgha.
  6633 | D:8      | Received a gift from Okawaru
  6705 | D:8      | Reached skill level 5 in Invocations
  6727 | D:8      | Mangled by a wyvern

Skill      XL: |  1  2  3  4  5  6  7  8  9 |
---------------+----------------------------+-----
Unarmed Combat | 4 5 6 7 8 9 10 | 10.7
Fighting       | 4 5 6 7 8 |  8.0
Invocations    | 1 3 5 |  5.0
Dodging        | |  2.6
Stealth        | |  2.1

Action                   |  1- 3 |  4- 6 |  7- 9 || total
-------------------------+-------+-------+-------++-------
Melee: Unarmed           |   112 |   172 |   364 ||   648
       Punch             |       |     3 |    11 ||    14
Invok: Heroism           |       |       |     1 ||     1
  Use: Scroll            |       |    12 |     4 ||    16
       Potion            |       |       |     1 ||     1
 Stab: Sleeping          |     6 |       |       ||     6
  Eat: Chunk             |     7 |    24 |    24 ||    55
Armor: Robe              |    29 |    76 |       ||   105
       Ring mail         |       |    30 |     1 ||    31
       Chain mail        |       |       |   176 ||   176
Dodge: Dodged            |    76 |   155 |   132 ||   363
       Deflected         |     2 |     3 |     1 ||     6
